 Dungeon Crawl Stone Soup version 0.25-a0-696-g42a9e46d90 (webtiles) character file.

Game seed: 11178513022371683900, levelgen mode: deterministic

1946 logdie the Skirmisher (level 9, -10/65 HPs)
             Began as an Octopode Chaos Knight on Mar 31, 2020.
             Was a Follower of Nemelex Xobeh.
             Mangled by an orc warrior
             ... wielding a +0 dire flail
             ... summoned by Xom
              (14 damage)
             ... in a bailey.
             The game lasted 00:09:37 (7771 turns).

logdie the Skirmisher (Octopode Chaos Knight)       Turns: 7771, Time: 00:09:37

Health: -10/65     AC:  1    Str: 13    XL:     9   Next: 18%
Magic:  12/12      EV: 15    Int: 15    God:    Nemelex Xobeh [*.....]
Gold:   272        SH:  6    Dex: 12    Spells: 7/12 levels left

rFire    . . .     SeeInvis .   w - +2 short sword (venom)
rCold    . . .     Gourm    .   i - +1 buckler
rNeg     . . .     Faith    .   (helmet restricted)
rPois    .         Spirit   .   (no amulet)
rElec    .         Reflect  .   (no ring)
rCorr    .         Harm     .   (no ring)
MR       .....                  (no ring)
Stlth    ++........             (no ring)
HPRegen  0.20/turn              (no ring)
MPRegen  0.13/turn              (no ring)
                                (no ring)
                                (no ring)

@: no status effects
A: almost no armour, stealthy swim, amphibious, 8 rings, constrict 8, camouflage
1, gelatinous body 1
a: Draw Escape, Draw Destruction, Draw Summoning, Renounce Religion


You were in a bailey.
You worshipped Nemelex Xobeh.
Nemelex Xobeh was aware of your devotion.
You were not hungry.

You visited 2 branches of the dungeon, and saw 8 of its levels.
You also visited: Bailey.

You collected 712 gold pieces.
You spent 440 gold pieces at shops.

Inventory:

Hand Weapons
 a - a +0 spear of chaos
 r - a +1 morningstar
 w - a +2 short sword of venom (weapon)
 y - the +0 dagger "Syol" {venom, +Blink +Fly Str+4 Dex-4}
   (You found it on level 5 of the Dungeon)

   It poisons the flesh of those it strikes.
   It affects your strength (+4).
   It affects your dexterity (-4).
   It lets you fly.
   It lets you blink.
Missiles
 c - 2 atropa-tipped darts
 v - a throwing net (quivered) {!f}
Armour
 i - a +1 buckler (worn)
Jewellery
 B - a cursed ring of attention {unknown}
Wands
 m - a wand of acid (1)
 z - a wand of flame (4)
Scrolls
 f - 2 scrolls of enchant weapon
 h - 2 scrolls of random uselessness
 j - 2 scrolls of remove curse {@r2}
 n - a scroll of blinking
 p - 2 scrolls of teleportation {@r3}
Potions
 d - 3 potions of curing {@q1}
 g - 2 potions of mutation
 k - 2 potions of degeneration {unknown}
 o - 2 potions of heal wounds
 s - a potion of brilliance {unknown}
 t - a potion of magic
 u - a potion of resistance
 x - a potion of might
 A - a potion of stabbing
Comestibles
 b - 6 rations
 l - 4 chunks of flesh


   Skills:
 * Level 7.7 Fighting
 - Level 3.0 Polearms
 + Level 5.5 Dodging
 + Level 4.4 Shields
 - Level 2.0 Spellcasting
 - Level 4.0 Translocations
 + Level 3.7 Invocations


You had 7 spell levels left.
You knew the following spells:

 Your Spells              Type           Power        Failure   Level  Hunger
a - Blink                 Tloc           N/A          6%          2    ###....
b - Mephitic Cloud        Conj/Pois/Air  #.......     54%         3    ###....

Your spell library contained the following spells:

 Spells                   Type           Power        Failure   Level  Hunger
 Magic Dart               Conj           #...         22%         1    #......
 Call Imp                 Summ           #.......     32%         2    ###....
 Slow                     Hex            #.......     32%         2    ###....
 Conjure Flame            Conj/Fire      #.......     54%         3    ###....


Dungeon Overview and Level Annotations

Branches:
Dungeon (7/15)             Temple (1/1) D:4          Bailey (1/1)

Altars:
Cheibriados
Dithmenos
Elyvilon
Fedhas
Gozag
Hepliaklqana
Kikubaaqudgha
Makhleb
Nemelex Xobeh
Okawaru
Qazlal
Sif Muna
Trog
Uskayaw
Vehumet
Wu Jian
Yredelemnul
Zin

Shops:
D:4 *


Innate Abilities, Weirdness & Mutations

You cannot wear most types of armour.
You are very stealthy in the water. (Stealth+)
You are amphibious.
You can wear up to eight rings at the same time.
You can use your tentacles to constrict eight enemies at once.
Your skin changes colour to match your surroundings (Stealth+).
Your rubbery body absorbs attacks. (AC +1, EV +1)


Message History

Things that are here:
a +0 halberd; a +0 ring mail The gnoll hits you with a +0 whip.
The gnoll hits you from afar with a +0 spear.
* * * LOW HITPOINT WARNING * * *
The orc barely misses you.
You see here a +0 hand axe.
The gnoll hits you with a +0 whip!
* * * LOW HITPOINT WARNING * * *
Okay, then.
The orc hits you with a +0 flail.
* * * LOW HITPOINT WARNING * * *
The orc hits you with a +0 flail.
* * * LOW HITPOINT WARNING * * *
The gnoll closely misses you. You block the orc's attack.
It was a potion of cancellation.
You feel magically purged. You block the gnoll's attack.
The orc priest misses you.
The orc warrior hits you with a +0 dire flail!
You die...
Your body disappears without a glow.

###+###
##...).##
#...)...#
#...))))#
#.))))))#
#.g.....#
#.g.g...#
#.ooo.÷÷#
#..@o...#
#.......#
#∩.....∩#
#.......#
##..∩..##
#######


You could see an orc warrior, an orc priest, 3 gnolls and 2 orcs.

Vanquished Creatures
  Eustachio (D:4)
  A water moccasin (D:6)
  An orc warrior (D:6)
  An ice beast (D:5)
  A phantom (D:6)
  A centaur (D:5)
  2 bullfrogs
  4 scorpions
  3 howler monkeys
  3 crimson imps
  8 hounds
  2 orc priests
  Ijyb (D:5)
  3 orc wizards
  5 worker ants
  5 gnolls
  4 adders
  An ooze (D:4)
  2 adder skeletons
  3 worms
  2 dart slugs
  4 leopard geckos
  10 orcs
  5 giant cockroaches
  2 gnoll zombies (D:2)
  12 goblins
  12 hobgoblins
  2 jackals (Bailey)
  A quokka (D:7)
  7 bats
  11 frilled lizards
  A giant cockroach zombie (D:5)
  A jackal skeleton (D:5)
  8 kobolds
  2 leopard gecko zombies
  9 rats
141 creatures vanquished.

Vanquished Creatures (collateral kills)
  A phantom (D:5)
  A crimson imp (D:5)
2 creatures vanquished.

Vanquished Creatures (others)
  An orc (D:5)
1 creature vanquished.

Grand Total: 144 creatures vanquished

Notes
Turn   | Place    | Note
-------+----------+-------------------------------------------
     0 | D:1      | logdie the Octopode Chaos Knight began the quest for the
                  | Orb.
     0 | D:1      | Reached XP level 1. HP: 16/16 MP: 1/1
    55 | D:1      | Reached XP level 2. HP: 12/21 MP: 2/2
   126 | D:1      | XOM: harmless Air miscast
   425 | D:1      | Reached XP level 3. HP: 22/27 MP: 3/3
   529 | D:1      | XOM: harmless Hex miscast
   918 | D:1      | XOM: cloud trail
  1242 | D:2      | Found a snail-covered altar of Cheibriados,
  1349 | D:2      | Reached skill level 4 in Fighting
  1531 | D:2      | XOM: god gift: 450 gold pieces
  1701 | D:2      | Found a basalt altar of Yredelemnul,
  1807 | D:2      | Reached XP level 4. HP: 33/33 MP: 4/4
  1967 | D:3      | Reached skill level 1 in Shields
  2028 | D:3      | XOM: harmless Tloc miscast
  2349 | D:3      | Reached XP level 5. HP: 22/38 MP: 5/5
  2914 | D:4      | Found Minik's Merry Market,
  2922 | D:4      | Bought a potion of might for 44 gold pieces
  2922 | D:4      | Bought a potion of magic for 88 gold pieces
  2922 | D:4      | Bought a book of Minor Magic for 220 gold pieces
  2922 | D:4      | Bought a potion of mutation for 88 gold pieces
  2925 | D:4      | Learned a level 2 spell: Blink
  3025 | D:4      | Reached skill level 5 in Fighting
  3025 | D:4      | Reached skill level 1 in Translocations
  3025 | D:4      | Reached XP level 6. HP: 26/45 MP: 5/7
  3118 | D:4      | XOM: 1-stop teleportation journey
  3151 | D:4      | Noticed Eustachio
  3161 | D:4      | Killed Eustachio
  3161 | D:4      | Reached skill level 1 in Spellcasting
  3402 | D:4      | Reached XP level 7. HP: 40/50 MP: 9/9
  3699 | D:4      | Found a staircase to the Ecumenical Temple,
  3742 | D:4      | Found a white marble altar of Elyvilon,
  3773 | D:4      | Noticed Duvessa
  3832 | Temple   | Entered the Ecumenical Temple
  3846 | Temple   | Fell from the grace of Xom
  3846 | Temple   | Became a worshipper of Nemelex Xobeh the Trickster
  3923 | D:4      | Received a gift from Nemelex Xobeh
  4056 | D:4      | Noticed Dowan
  4059 | D:4      | Noticed Duvessa
  4059 | D:4      | Duvessa changed into Duvessa the scorpion
  4059 | D:4      | Noticed Dowan
  4059 | D:4      | Dowan changed into Dowan the adder
  4063 | D:4      | Killed Duvessa the scorpion
  4066 | D:4      | Killed Dowan the adder
  4153 | D:4      | XOM: medium Conj miscast
  4159 | D:5      | Entered Level 5 of the Dungeon
  4159 | D:5      | Noticed Ijyb
  4203 | D:5      | Found a blossoming altar of Fedhas,
  4254 | D:5      | Reached skill level 1 in Invocations
  4368 | D:5      | Got a brightly glowing dagger
  4369 | D:5      | Identified the cursed +0 dagger "Syol" {venom, +Blink +Fly
                  | Str+4 Dex-4} (You found it on level 5 of the Dungeon)
  4381 | D:5      | Killed Ijyb
  4455 | D:5      | Reached skill level 6 in Fighting
  4563 | D:5      | Reached XP level 8. HP: 57/57 MP: 11/11
  5946 | D:6      | XOM: medium Hex miscast
  6242 | D:6      | Reached skill level 7 in Fighting
  6242 | D:6      | Reached skill level 5 in Dodging
  6713 | D:6      | XOM: god gift: lumpy coppery potion {god gift}
  6818 | D:6      | Reached XP level 9. HP: 58/64 MP: 12/12
  6919 | D:6      | XOM: medium Conj miscast
  7026 | D:6      | Received a gift from Nemelex Xobeh
  7068 | D:6      | Reached * piety under Nemelex Xobeh
  7365 | D:6      | Learned a level 3 spell: Mephitic Cloud
  7495 | D:7      | Found a flagged portal,
  7519 | Bailey   | Entered a bailey
  7689 | Bailey   | XOM: polymorph frilled lizard -> gnoll
  7760 | Bailey   | XOM: summons 3 hostile shadow creatures
  7769 | Bailey   | HP: 3/65 [orc/+0 flail[Xom] (5)]
  7771 | Bailey   | Mangled by an orc warrior

Levels and vault maps discovered:
D:1:      shiori_arrival_maze, layout_loops_ring
D:2:      layout_basic, lemuel_zombie_altar_yredelemnul, cheibriados_altar_1
D:3:      layout_basic, first_ration
D:4:      layout_gridville, elyvilon_altar_3, minmay_temple_entry_fiery,
          nicolae_alphabet_shops, serial_park_tiny_2, uniq_eustachio,
          uniq_duvessa
D:5:      layout_loops_ring, basic_altar, uniq_ijyb
D:6:      lemuel_ice_spiral_2, layout_basic
D:7:      layout_cave_pools, lemuel_round_altar,
          chequers_temple_overflow_statue_of_worship, enter_bailey_3,
          gammafunk_ghost_gnarly_gnolls
Temple:   lightli_temple_of_artemis
Bailey:   bailey_polearm_5, bailey

Skill      XL: |  1  2  3  4  5  6  7  8 |
---------------+-------------------------+-----
Fighting       | 4 5 6 7 |  7.7
Dodging        | 3 4 5 |  5.5
Shields        | 1 2 3 4 |  4.4
Translocations | 1 2 3 4 |  4.0
Spellcasting   | 1 2 |  2.0
Invocations    | 1 3 |  3.7
Polearms       | |  3.0

Action                   |  1- 3 |  4- 6 |  7- 9 || total
-------------------------+-------+-------+-------++-------
Melee: Spear             |    99 |    73 |    49 ||   221
       Constrict         |    20 |    17 |    43 ||    80
       Tentacles         |     9 |    10 |    39 ||    58
       Short sword       |       |       |   161 ||   161
Throw: Throwing net      |       |       |     1 ||     1
Invok: Draw Destruction  |       |       |     9 ||     9
       Draw Summoning    |       |       |     2 ||     2
Evoke: Wand              |       |       |    12 ||    12
  Use: Potion            |       |     1 |     5 ||     6
       Scroll            |       |       |    12 ||    12
 Stab: Sleeping          |     5 |     5 |    11 ||    21
       Distracted        |     1 |       |     2 ||     3
       Petrifying        |     1 |       |       ||     1
       Paralysed         |     1 |       |       ||     1
  Eat: Chunk             |     3 |     5 |    10 ||    18
       Ration            |       |       |     1 ||     1
Armor: Skin              |     6 |     3 |     5 ||    14
Dodge: Dodged            |    19 |    28 |   141 ||   188
Block: Buckler           |     4 |     6 |    52 ||    62

Table legend:
 A = Non-vault XP
 B = Vault XP
 C = Vault XP percentage of total XP
 D = Non-vault monster count
 E = Vault monster count
 F = Vault count percentage of total count
                 A         B        C        D         E       F
            +---------+---------+-------+---------+---------+-------
      Total |    2413 |     367 |  13.2 |     121 |      23 |  16.0
            +---------+---------+-------+---------+---------+-------
        D:1 |      42 |       2 |   4.5 |      25 |       2 |   7.4
        D:2 |      37 |       4 |   9.8 |      13 |       2 |  13.3
        D:3 |      98 |       0 |   0.0 |      23 |       0 |   0.0
        D:4 |     370 |     296 |  44.4 |      12 |       3 |  20.0
        D:5 |     704 |      22 |   3.0 |      22 |       1 |   4.3
        D:6 |    1010 |       0 |   0.0 |      20 |       0 |   0.0
        D:7 |     152 |       5 |   3.2 |       6 |       3 |  33.3
     Bailey |       0 |      38 | 100.0 |       0 |      12 | 100.0
            +---------+---------+-------+---------+---------+-------
